[Event "87th Spanish Championship 2022"]
[Site "Linares"]
[Date "2022.08.14"]
[Round "5.25"]
[White "Horcajuelo Rocamora, Martin"]
[Black "Alshameary Puente, Ismael"]
[Result "0-1"]
[ECO "D38"]
[WhiteElo "2107"]
[BlackElo "2352"]
[Annotator "TA"]
[PlyCount "116"]
[EventDate "2022.08.11"]
[EventType "swiss"]
[EventCountry "ESP"]
[SourceTitle "playchess.com"]
[Source "ChessBase"]
[SourceQuality "1"]
[TimeControl "5400+30"]

1. d4 Nf6 2. c4 e6 3. Nf3 d5 4. Nc3 Bb4 5. Qa4+ Nc6 6. e3 O-O 7. Bd2 Re8 {[%emt 0:00:23] D38: Queen's Gambit Declined: Ragozin Defence (4 Nf3 Bb4).} 8. a3 Bf8 $1 {[%emt 0:00:07] 8...Bf8 scores better than 8...Bd6.} 9. h3 a6 {[%emt 0:01:46] The position is equal.} 10. Qc2 h6 11. Rd1 {[%emt 0:03:38] [#]} dxc4 $146 ({Predecessor:} 11... e5 12. dxe5 Nxe5 13. cxd5 Nxf3+ 14. gxf3 Nxd5 15. Rg1 c6 16. Nxd5 Qxd5 17. Rg3 Be6 {½-½ (38) Korobov,A (2718)-Predke,A (2580) Riga 2021}) 12. Bxc4 b5 13. Bd3 Bb7 14. Ne4 e5 15. dxe5 (15. Nxf6+ Qxf6 16. Nxe5 Nxe5 17. dxe5 Qxe5 $15) (15. Nxe5 $1 $16 Nxe5 16. dxe5) 15... Nd7 (15... Nxe5 16. Nxe5 Rxe5 17. Bc3 $16) (15... Nd5 $1 $14) 16. e6 (16. Bc3 $1 $16) 16... Rxe6 $11 17. Ng3 Nde5 18. Be4 Nxf3+ 19. gxf3 Qh4 (19... Qc8 $11) 20. Nf5 $16 Qh5 21. Bc3 Rae8 {[%emt 0:09:39] [#]} (21... g6 $16) 22. Ng3 (22. Nxg7 $1 $18 {[%mdl 512] is the precise move to win.} Bxg7 23. Rg1) 22... Qh4 23. Rg1 g6 24. Bd5 (24. Qb3 $1 $16) 24... b4 $11 25. Bxe6 Rxe6 26. axb4 Nxb4 27. Qb3 (27. Qe2 $11 {remains equal.} Nd5 28. e4) 27... a5 {[%emt 0:00:32] Black is more active.} (27... Rb6 $1 $17 {[%cal Ob4d3] Hoping for ...Nd3+!} 28. Ke2 (28. Rd7 $2 Nd3+ 29. Rxd3 Rxb3 $19) 28... Nd5) 28. Nf5 $2 (28. Ne4 $1 $14 {stays ahead.}) 28... Qxh3 $19 29. Ng3 (29. Nd4 $142 Qh2 30. Rg4 (30. Nxe6 $2 Qxg1+ 31. Kd2 Qxf2+ 32. Kc1 Qxe3+ 33. Kb1 Qxe6 $19)) 29... Bxf3 {[%emt 0:01:00] White must now prevent ...Qh2.} (29... Qh2 $2 30. Ne2 Bxf3 31. Rg3) 30. Rd8 $2 (30. Ne2 Qh5 31. Rd2) 30... Rd6 31. Rxd6 Bxd6 {[%emt 0:00:02] Chess con chili.} (31... cxd6 32. Bxb4 axb4 33. Qxb4 $15) 32. Qc4 Bxg3 $2 {[%emt 0:01:11] A strong pair of Bishops.} (32... Qd7 $19 33. Ne2 (33. Ne4 $2 Be5 $19) 33... Qf5) 33. Qb5 (33. Bxb4 $15 Be5 34. Rxg6+ Bg7 35. Rxg7+ Kxg7 36. Bxa5 (36. Bc3+ Kg6 $17)) 33... Qc8 $2 34. Rxg3 $11 Be4 (34... Bc6 $1 $11 35. Qxa5 Nd3+ 36. Ke2 Nc1+ 37. Kd1 Nd3) 35. Qxa5 Nc2+ {[%emt 0:00:24] [#]} (35... c5 $142) 36. Kd2 $2 ({Only move:} 36. Ke2 $1 $16 {Threatens to win with f3.} Qd7 37. f4 (37. Qa6 Bc6 $11)) 36... Qd8+ $40 {[%emt 0:00:50][%mdl 128] White needs to defend precisely.} 37. Bd4 $1 ({Wrong is} 37. Kc1 $2 Qd3 38. Rg4 {[#]} Nd4 $1 39. Qa8+ Kh7 40. Qh8+ Kxh8 $19) 37... Nxd4 38. exd4 Qxd4+ $15 {[%emt 0:00:11][%mdl 4096] Endgame KQR-KQB} 39. Ke1 c6 ({Don't play} 39... Qxb2 $6 40. Qxc7 Qb1+ 41. Ke2 $17) 40. Re3 $2 {[%emt 0:00:21] [#]} (40. Qc3 $11 {and White is okay.} Qd8 41. Qe3) 40... Qxb2 $1 $19 41. f3 (41. f4 h5) 41... Bd5 42. Qc5 (42. Qc3 $142 Qxc3+ 43. Rxc3) 42... h5 43. f4 Qb1+ 44. Kf2 Qb2+ (44... Kh7 $142 45. Qc3 Qa2+ 46. Re2 Qa4) 45. Ke1 Qf6 46. Re8+ Kh7 47. Qf8 Qg7 48. Qd6 h4 49. Qd7 $2 (49. Kf2) 49... Qc3+ 50. Kf2 Qf3+ (50... Qd2+ $142 51. Re2 Qxf4+ 52. Ke1 Qg3+ 53. Kd2 h3) 51. Ke1 Qxf4 52. Qd8 Qb4+ 53. Ke2 Qb2+ $2 (53... Qc4+ 54. Kd2 Qd4+ 55. Ke1 h3) 54. Ke3 $2 (54. Kd3 Qb1+ 55. Kd4 Qg1+ 56. Ke5 Qg3+ 57. Kd4 Qg1+ 58. Ke5 Qg3+ 59. Kd4 Qg1+) 54... Qc3+ 55. Ke2 Qd4 56. Ke1 h3 {[%emt 0:00:49][%cal Bh4h3,Bh3h2][%mdl 32] ( -> ...h2)} 57. Qc8 Qc3+ 58. Kf2 h2 {[%emt 0:00:46] Weighted Error Value: White=1.07/Black=0.75} 0-1

[Event "87th Spanish Championship 2022"]
[Site "Linares"]
[Date "2022.08.14"]
[Round "5.26"]
[White "Fernandez Lopez, Ruben"]
[Black "Jimenez Fernandez, Rebeca"]
[Result "1-0"]
[ECO "B54"]
[WhiteElo "2324"]
[BlackElo "1908"]
[Annotator "TA"]
[PlyCount "105"]
[EventDate "2022.08.11"]
[EventType "swiss"]
[EventCountry "ESP"]
[SourceTitle "playchess.com"]
[Source "ChessBase"]
[SourceQuality "1"]
[TimeControl "5400+30"]

1. e4 c5 2. Nf3 d6 3. d4 cxd4 4. Nxd4 Nf6 5. f3 e5 6. Nb3 d5 7. Bg5 $1 {[%emt 0:01:15] B55: Sicilian: 2...d6 3 d4 cxd4 4 Nxd4 Nf6 5 f3.} d4 8. c3 Nc6 9. Bb5 {[%emt 0:01:19] White is slightly better. 9.cxd4 is more fashionable.} Be6 (9... h6 $11 10. Bxf6 Qxf6) 10. cxd4 $14 {[%emt 0:03:40] Threatens to win with d5.} Bxb3 11. Qxb3 Qxd4 (11... exd4 $142 12. e5 Qd5) 12. Be3 $16 Qb4+ 13. Nc3 Qxb3 14. axb3 a6 {[%emt 0:01:04] [#]} 15. Bxc6+ $146 ({Predecessor:} 15. Nd5 Rc8 16. Nb6 Rc7 17. Ba4 Bb4+ 18. Kf2 O-O 19. Rac1 Rd8 20. Rc2 h6 21. Rhc1 {½-½ (97) Paehtz,E (2331)-Kosteniuk,A (2459) Mainz 2002}) 15... bxc6 16. Ra4 {[%emt 0:01:54] White is more active.} Be7 17. Kd2 Kd7 18. Rha1 Rhb8 19. Kc2 Rb4 20. Rxa6 Rab8 21. Ra7+ Ke8 {[%emt 0:01:25] [#]} (21... R4b7 $16 {is a better defense.} 22. Na4 Rxa7 23. Nb6+ (23. Bxa7 Rb5 $16) 23... Kc7 24. Rxa7+ Rb7) 22. Rxe7+ $1 $18 Kxe7 23. Bc5+ Ke6 24. Bxb4 Rxb4 {[%emt 0:00:05][%mdl 4096] Endgame KRN-KRN} 25. Ra4 (25. Ra6 $18) 25... Rb7 $16 26. b4 Ne8 27. Ra6 Kd7 28. Kb3 Nc7 29. Ra5 Ke6 30. Kc4 Kd6 31. b5 cxb5+ 32. Nxb5+ Nxb5 33. Rxb5 {[%emt 0:00:03] KR-KR} Rc7+ 34. Kb3 Rc1 35. Rd5+ Ke6 36. Rd2 h5 (36... Rc8 $16 {was called for.}) 37. Ka4 $18 Ra1+ 38. Kb5 h4 (38... Ra2 $142 39. Kc4 h4) 39. h3 Ra2 {[%emt 0:01:22] [#]} 40. Kc4 $1 Kf6 (40... g6 $142 41. Kc3 f5) 41. Kc3 {[%emt 0:00:13] Black must now prevent b4.} Kg5 $2 (41... Ra8 42. b4 Rc8+ 43. Kb3 Rb8) 42. b4 Ra8 43. b5 g6 44. b6 f5 45. Kc4 Kf4 46. Re2 Kg3 47. Kd5 {[%emt 0:00:09] And now b7 would win.} Ra6 48. Kc5 (48. Rb2 $142 Ra8 49. b7 Rd8+ 50. Kxe5 fxe4 51. fxe4) 48... Ra1 49. Rb2 {[%emt 0:00:03] Threatening mate with b7.} Rg1 50. b7 {[%emt 0:00:09] White mates.} Rxg2 51. b8=Q Rxb2 52. Qxe5+ Kxf3 53. Qxb2 {[%emt 0:00:08] Weighted Error Value: White=0.07 (flawless) /Black=0.38} 1-0

[Event "87th Spanish Championship 2022"]
[Site "Linares"]
[Date "2022.08.14"]
[Round "5.27"]
[White "Garza Marco, Sergio"]
[Black "Lopez Varela, Pablo"]
[Result "1/2-1/2"]
[ECO "A56"]
[WhiteElo "2408"]
[BlackElo "2158"]
[Annotator "TA"]
[PlyCount "60"]
[EventDate "2022.08.11"]
[EventType "swiss"]
[EventCountry "ESP"]
[SourceTitle "playchess.com"]
[Source "ChessBase"]
[SourceQuality "1"]
[TimeControl "5400+30"]

1. d4 Nf6 2. c4 c5 3. d5 e5 4. Nc3 d6 5. e4 h5 6. Be2 {[%emt 0:12:40][%cal Bf1e2,Be2d1,Bd1a4][%mdl 32] A56: Czech Benoni.} h4 {[%emt 0:00:54] [#]} 7. Bg5 $146 ({Predecessor:} 7. Nf3 Nbd7 8. O-O Be7 9. a3 g6 10. Ne1 Nh5 11. Nd3 Kf8 12. b4 b6 13. Rb1 {1-0 (44) Schandorff,L (2537)-Jacobsen,B (2323) Borup 2008}) 7... Be7 8. Be3 {[%emt 0:06:16] White is better.} Nbd7 9. Qd2 {[%emt 0:01:07] White is more active.} Nf8 10. f3 (10. h3 $14) 10... Ng6 $11 11. Bd1 Nh5 12. Ba4+ Kf8 ({Don't do} 12... Bd7 13. Bxd7+ Qxd7 14. Nh3 $14) 13. g3 {[%emt 0:01:43] Prevents Nhf4.} ({White should try} 13. Nge2 $11) 13... hxg3 $15 14. hxg3 Nxg3 15. Rxh8+ Nxh8 16. Qh2 {[%emt 0:00:20][%csl LRg3,LRh8][%cal Rh2h8] [#]} Bh4 17. Bf2 Qg5 18. Nge2 Nxe2 19. Kxe2 Ng6 20. Rg1 Qf4 21. Qh1 (21. Rh1 $17 {is a better defense.} Bg5 22. Qxf4 Nxf4+ 23. Kd1) 21... Bxf2 $19 22. Kxf2 Qh4+ (22... Ke7 $19 23. Ne2 Qf6) 23. Qxh4 $15 Nxh4 24. a3 a6 25. Ke3 Ng6 26. Rh1 Kg8 27. Rb1 Bh3 28. b4 {[%emt 0:03:31][%cal Bb2b4,Bb4c5,Bc5c6][%mdl 32] And now bxc5 would win.} b5 {[%emt 0:00:12] [#] Threatens to win with ...cxb4.} 29. bxc5 bxa4 30. c6 {[%emt 0:00:04] Black must now prevent c5.} Ne7 {Weighted Error Value: White=0.21 (precise) /Black=0.16 (very precise)} 1/2-1/2

[Event "87th Spanish Championship 2022"]
[Site "Linares"]
[Date "2022.08.14"]
[Round "5.28"]
[White "Rodriguez Lopez, Rafael"]
[Black "Moreno Tejera, Emilio"]
[Result "0-1"]
[ECO "C95"]
[WhiteElo "2172"]
[BlackElo "2420"]
[Annotator "TA"]
[PlyCount "124"]
[EventDate "2022.08.11"]
[EventType "swiss"]
[EventCountry "ESP"]
[SourceTitle "playchess.com"]
[Source "ChessBase"]
[SourceQuality "1"]
[TimeControl "5400+30"]

1. e4 e5 2. Nf3 Nc6 3. Bb5 a6 4. Ba4 Nf6 5. O-O Be7 6. Re1 b5 7. Bb3 d6 8. c3 O-O 9. h3 Nb8 10. d4 Nbd7 11. Nbd2 Bb7 12. Bc2 Re8 13. Nf1 Bf8 14. Ng3 g6 15. Bg5 h6 16. Bd2 Bg7 17. a4 Nb6 {[%emt 0:09:39] C95: Closed Ruy Lopez: Breyer Variation with 10 d4.} 18. b3 bxa4 19. bxa4 (19. Qc1 {looks sharper.} exd4 20. Bxh6 d3 21. Bxg7 Kxg7 22. Bxd3 axb3 23. Nd4) 19... a5 {[%emt 0:01:34] [#] White has an edge.} 20. Bc1 $146 ({Predecessor:} 20. Bd3 Ba6 21. Bxa6 Rxa6 22. Qb3 Qa8 23. d5 Rb8 24. Qa2 c6 25. c4 Nbd7 26. Be3 {1-0 (80) Ni,H (2691)-Wagner,D (2583) Karlsruhe 2016}) 20... Ba6 21. Bb3 c5 22. dxc5 dxc5 23. Qxd8 Raxd8 24. Be3 Bf8 25. Nd2 Nfd7 26. Bd1 c4 27. Be2 Nc5 {[%emt 0:04:37] Against Nb3} 28. Reb1 Re6 (28... Nbxa4 29. Ra3 $14) 29. Ngf1 ({Better is} 29. Nf3 $15) 29... Rc6 {[%emt 0:00:43] Black is more active.} (29... Nbxa4 $17 30. Bg4 Nxc3 31. Bxe6 Nxb1 32. Bxc4 Nxd2 33. Nxd2 Bxc4 34. Nxc4 f6) 30. Ra2 Rdc8 31. Bd1 Kg7 32. f3 Rd8 33. Bc2 Nbd7 34. Bf2 Nd3 35. Ne3 Nxf2 ({Black should try} 35... Nf4 $15 36. Nd5 Ne2+ 37. Kh2 (37. Kf1 Nxc3 38. Nxc3 Bb4 $17) 37... Nf6) 36. Kxf2 $11 Bc5 37. Ke2 Nb6 38. Ndf1 Rcd6 39. Raa1 h5 40. Rd1 Bc8 41. Rxd6 Rxd6 42. Nd2 Ba6 (42... Bxe3 $5 43. Kxe3 f5 $15) 43. h4 Kf8 44. Nb1 Nd7 45. Na3 Rb6 {[%emt 0:02:00] Prevents Nb5.} 46. Nb5 Bxe3 47. Kxe3 Nc5 48. Rb1 Bxb5 49. axb5 {[%emt 0:00:45][%mdl 4096] Endgame KRB-KRN} (49. Rxb5 Rxb5 50. axb5 Ke7) 49... Ke7 50. Bd1 Nb7 51. Be2 Nd6 52. Kd2 Kd7 53. Rb2 Kc7 54. Kc2 (54. Kc1 $15) 54... Rxb5 $17 ({Much worse is} 54... Nxb5 $6 55. Ra2 $11) 55. Ra2 Kb6 56. Ra4 {[%emt 0:00:04] [#]} Rc5 $1 {[%emt 0:00:34] White must now prevent ...f5.} 57. Ra1 Kc6 (57... f5 $17 58. Rb1+ Kc7 59. exf5 Nxf5) 58. Ra4 (58. g4 $15) 58... f6 59. Bf1 {[%emt 0:00:37] Loses the game.} (59. g4 $17 {might work better.}) 59... f5 $19 60. exf5 Kb5 ({And not} 60... Nxf5 61. Bxc4 Nxh4 62. Bf1 $15) (60... gxf5 61. f4 $17) 61. Ra1 Nxf5 ({Worse is} 61... gxf5 62. Rd1 Ne8 63. g3 $17) 62. Rd1 $2 {[%emt 0:01:28] [#]} (62. Rb1+ Kc6 63. Ra1) 62... Ne3+ {[%emt 0:00:13] Weighted Error Value: White=0.30/Black=0.12 (very precise)} 0-1

[Event "87th Spanish Championship 2022"]
[Site "Linares"]
[Date "2022.08.14"]
[Round "5.29"]
[White "Suarez Uriel, Adrian"]
[Black "Serrano Almendros, Alejandro"]
[Result "0-1"]
[ECO "A14"]
[WhiteElo "2386"]
[BlackElo "2177"]
[Annotator "TA"]
[PlyCount "96"]
[EventDate "2022.08.11"]
[EventType "swiss"]
[EventCountry "ESP"]
[SourceTitle "playchess.com"]
[Source "ChessBase"]
[SourceQuality "1"]
[TimeControl "5400+30"]

1. Nf3 Nf6 2. c4 e6 3. g3 d5 4. Bg2 Be7 5. O-O O-O 6. b3 c5 7. e3 Nc6 8. Na3 {[%emt 0:10:50] [#] A14: English Opening: 1...e6 with b3 by White.} Qa5 $146 ({Predecessor:} 8... b6 9. Bb2 Bb7 10. Qe2 Qc7 11. Rac1 Rad8 12. d4 dxc4 13. dxc5 cxb3 14. cxb6 Qxb6 15. Nc4 Ba6 16. axb3 Qxb3 {½-½ (42) Wohl,A (2255)-West,G (2330) Melbourne 1990}) 9. d3 Rd8 10. Qe2 {[%emt 0:09:11] The position is equal.} a6 11. Nc2 e5 12. cxd5 Nxd5 13. Bb2 Bf6 14. Nd2 Be6 15. Ne4 Be7 16. g4 (16. f4 $11) 16... Rd7 ({Better is} 16... Qc7 $15) 17. f4 $1 $14 f6 18. f5 (18. fxe5 $14 Nxe5 19. Bxe5 fxe5 20. g5) 18... Bf7 $15 19. h4 Rad8 20. g5 Ndb4 (20... Qb6 $15) 21. Nxb4 $11 Nxb4 22. Qg4 (22. g6 $11 {keeps the balance.} Be8 23. Bxe5) 22... Kh8 {[%emt 0:02:00] White must now prevent ...Nc2.} 23. Rf3 Bd5 {[%emt 0:06:01] aiming for ...Bxe4.} 24. Rg3 $2 (24. Bc3 $17) 24... Bxe4 $19 25. Bxe4 Nxd3 26. Bxd3 (26. Rg2 {was worth a try.}) 26... Rxd3 27. h5 Qd2 28. h6 (28. Rg2 {keeps fighting.} Qxe3+ 29. Kh2) 28... Qxb2 29. hxg7+ Kg8 30. Qc4+ R8d5 31. Rf1 {[%emt 0:03:42] g6 is the strong threat.} Qe2 $2 ({Not} 31... b5 32. Qg4 Rd8 33. Rh3 Rxe3 34. Rxe3 $11) ({Black should try} 31... e4 $19 32. gxf6 Bxf6 33. Qxe4 Qe5 34. Qxe5 Rxe5) 32. Qa4 $2 (32. g6 $1 $11 Qh5 33. Qa4) 32... Rd8 33. Qc4+ R8d5 34. Qa4 {[%emt 0:00:56] White wants to mate with Qe8+.} Rd7 35. Qc4+ R7d5 36. Qa4 {[%emt 0:00:49] White threatens Qe8+ and mate.} Qh5 {[%emt 0:01:51] Inhibits Qe8+.} 37. g6 Rd8 (37... Kxg7 {is a self mate.} 38. Qe8 hxg6 39. fxg6 Qh8 40. Qxe7+ Kh6 41. g7 Qc8 42. Rxf6+ Kh5 43. Rh6+ $3 Kxh6 44. Qh4#) 38. Qc4+ {[#]} R3d5 $1 ({Wrong is} 38... R8d5 $2 39. Qa4 Rd8 40. Qc4+ R3d5 41. gxh7+ Qxh7 42. a4) 39. gxh7+ Qxh7 {[%emt 0:00:18] Threatens to win with ...b5.} 40. Qg4 Rd2 41. Qc4+ R8d5 42. Rf2 {[%emt 0:00:01] Prevents Qh2+.} Rd1+ 43. Rf1 Rxf1+ 44. Qxf1 Qh5 {[%emt 0:00:33] And now ...Rd1 would win.} 45. Qc4 Qd1+ 46. Kh2 b5 (46... e4 $142 47. Kg2 Bd6 48. b4 Bxg3 49. Kxg3 Qg1+ 50. Kh4 Qg5+ 51. Kh3 Qxe3+ 52. Kh2 Qf2+ 53. Kh1 Qf3+ 54. Kh2 e3 55. Kg1 Kxg7 56. Qxd5 Qxd5 57. bxc5 Qxa2 58. Kh1 Qf2 59. c6 e2 60. cxb7 e1=Q#) 47. Qe4 Rd2+ 48. Kh3 Qh5+ {Weighted Error Value: White=0.50/Black=0.60} 0-1

[Event "87th Spanish Championship 2022"]
[Site "Linares"]
[Date "2022.08.14"]
[Round "5.30"]
[White "Garcia Fernandez, Victor"]
[Black "Valmana Canto, Jaime"]
[Result "0-1"]
[ECO "B07"]
[WhiteElo "2158"]
[BlackElo "2406"]
[Annotator "TA"]
[PlyCount "154"]
[EventDate "2022.08.11"]
[EventType "swiss"]
[EventCountry "ESP"]
[SourceTitle "playchess.com"]
[Source "ChessBase"]
[SourceQuality "1"]
[TimeControl "5400+30"]

1. d4 d6 2. e4 Nf6 3. Nc3 Nbd7 4. f4 e5 5. Nf3 exf4 6. Bxf4 {[%emt 0:00:41] B07: Pirc Defence: Miscellaneous Systems.} Be7 7. Bd3 O-O {[%emt 0:02:11] [#]} 8. Qd2 $146 {[%emt 0:10:26] White is better.} ({Predecessor:} 8. O-O h6 9. Qd2 Nh7 10. Rad1 Ndf6 11. e5 Nd7 12. Bxh6 g6 13. Bxf8 Qxf8 14. e6 {1-0 (36) Cortes,D-Sayas Torres,K Columbia 2009}) 8... c5 9. O-O-O a6 (9... Re8 $14) 10. e5 $1 $18 dxe5 (10... cxd4 $142 11. exd6 (11. exf6 dxc3 12. Bxh7+ Kh8 $11) 11... dxc3 12. Qxc3 Re8) 11. dxe5 Nh5 12. Be3 Nb6 13. g4 (13. Rhg1 $18) 13... Bxg4 $16 14. Qg2 Qc8 15. Rhg1 $1 {[%emt 0:06:32][%mdl 1024] White has strong compensation.} Bf5 (15... f5 $2 16. h3 Bxf3 17. Qxf3 $18) 16. Ng5 (16. Bg5 $14 Bxg5+ 17. Qxg5) 16... g6 $2 (16... Bxd3 $11 {and Black stays safe.} 17. Rxd3 Qf5) 17. Nge4 $2 (17. e6 $1 $18 Ng7 18. exf7+ Kh8 19. Bxf5 Nxf5 20. Nxh7 $1 (20. Qe4 Qc6 $11) 20... Rxf7 21. Qxg6 (21. Ng5 Bxg5 22. Qxg5 Qe6 $18) 21... Rxh7 22. Bg5 Bxg5+ 23. Rxg5) 17... Qe6 $11 18. Be2 {[%emt 0:04:10] Bxh5 is the strong threat.} Ng7 19. Bf4 Rad8 20. Nd6 f6 21. Nxb7 (21. Qxb7 $11 fxe5 22. Qxb6 Rxd6 23. Rxd6 Qxd6 24. Qxd6 Bxd6 25. Bg3) 21... Rxd1+ $2 {[%emt 0:04:11] The board is on fire.} (21... Rd4 $1 $17 {[%cal Rd4f4] stays on course.} 22. Bh6 fxe5) 22. Rxd1 $16 fxe5 23. Be3 (23. Bg5 $16) 23... Qc8 (23... Rc8 $14) 24. Nd6 (24. Bxa6 $16 Qa8 25. Bb5) 24... Qc7 $14 25. Nc4 Nxc4 26. Bxc4+ Kh8 27. Nd5 Qc6 28. Qd2 Bd8 29. Qc3 (29. Bh6 {looks sharper.} Bg4 30. Rg1 Bd7 31. Ne3) 29... Re8 (29... Bg4 $5 30. Rg1 (30. Qxe5 $2 Bxd1 31. Kxd1 Rf5 $19) 30... Be6 $11) 30. Re1 Be4 31. Qd2 (31. Bh6 $1 $11 Bxd5 32. Rxe5) 31... Nf5 $1 $17 32. Nc3 Nxe3 (32... Bf3 $5 33. Bg5 Bxg5 34. Qxg5 e4 $17) 33. Qxe3 Bf5 $36 {[%emt 0:00:14][%mdl 2048] Black has good play. This bishop pair is nice.} 34. Rd1 (34. Ne4 $15) 34... Qg2 $1 35. Qe2 {[%emt 0:00:36] [#]} (35. Rd2 $17 {is a better defense.} Bg5 36. Rxg2 Bxe3+ 37. Kb1) 35... Qg5+ $1 $19 36. Qd2 e4 {[%emt 0:00:02] Threatens to win with ...e3.} 37. Re1 (37. Kb1 $142) 37... Qxd2+ 38. Kxd2 Bg5+ 39. Ke2 Rd8 40. Bd5 $2 (40. Bxa6 Rd2+ 41. Kf1 Bh3+ 42. Kg1) 40... e3 (40... Bg4+ $142 41. Kf1 Bd2 42. Rxe4 Bh3+ 43. Ke2 Bxc3) 41. Rg1 Bf6 42. Be4 Bxc3 (42... Rd2+ $19 43. Kxe3 Rxh2) 43. Bxf5 $17 gxf5 44. bxc3 $19 {[%emt 0:00:01][%mdl 4096] Endgame KR-KR} f4 45. Kf3 Rd2 46. Kxf4 e2 {[%emt 0:00:01] Black is more active.} (46... Rxh2 $6 47. Kxe3 Rxc2 48. Kd3 Rxa2 49. Kc4 $11) 47. Re1 Rxc2 48. a4 Kg7 ({Worse is} 48... Rxc3 49. Rxe2 Kg8 50. Kf5 $15) 49. Ke5 (49. Ke3 $17 {keeps fighting.}) 49... Kg6 50. Kf4 Kf6 51. Ke4 (51. Ke3 $142 Rxc3+ 52. Kxe2) 51... c4 52. Ke3 Kf5 {[%emt 0:01:36] Strongly threatening ...h5.} ({Not} 52... Rxc3+ $2 53. Kxe2 Rc2+ 54. Kd1 Rxh2 55. Re4 $19) 53. Rg1 ({Wrong is} 53. Rxe2 $2 Rxe2+ 54. Kxe2 Kf4) 53... h5 (53... Rxc3+ $142 54. Kxe2 Rc2+ 55. Ke3 Rxh2) 54. h4 Rxc3+ 55. Kxe2 Ke4 56. Rg5 $2 (56. Kd2 {was worth a try.} Kd4 57. Rg6) 56... Rc2+ 57. Kd1 {[%emt 0:00:01] [#]} Ra2 {[%emt 0:00:09] aiming for ...Kd3.} 58. Kc1 $2 (58. Rxh5 Rxa4 59. Kc2) 58... Kd3 59. Rg3+ Kd4 60. Kb1 Rxa4 61. Rg5 Rb4+ 62. Kc2 Rb5 {[%emt 0:00:02] ( -> ...Rxg5)} 63. Rg6 a5 {[%emt 0:00:57] Hoping for ...Re5.} 64. Ra6 Rf5 {[%emt 0:00:12] And now ...Rf2+ would win.} 65. Ra8 Rf2+ 66. Kb1 Kd3 67. Rxa5 Rf1+ {[%emt 0:01:27] Black mates.} 68. Ka2 c3 69. Rd5+ Kc4 70. Rd8 c2 71. Rc8+ Kd3 72. Kb2 Rb1+ 73. Ka2 c1=Q 74. Rd8+ Ke2 75. Re8+ Kf1 76. Rf8+ Kg1 77. Rg8+ Kh1 {[%emt 0:00:01] Black used his chance.  Weighted Error Value: White=0.59/Black=0.26 (precise)} 0-1

[Event "87th Spanish Championship 2022"]
[Site "Linares"]
[Date "2022.08.14"]
[Round "5.31"]
[White "Martinez Fernandez, Adrian"]
[Black "Diaz Mino, Daniel"]
[Result "1-0"]
[ECO "B54"]
[WhiteElo "2366"]
[BlackElo "2151"]
[Annotator "TA"]
[PlyCount "134"]
[EventDate "2022.08.11"]
[EventType "swiss"]
[EventCountry "ESP"]
[SourceTitle "playchess.com"]
[Source "ChessBase"]
[SourceQuality "1"]
[TimeControl "5400+30"]

1. e4 c5 2. Nf3 d6 3. d4 cxd4 4. Nxd4 Nf6 5. f3 e5 6. Nb3 a5 {[%emt 0:11:08] B55: Sicilian: 2...d6 3 d4 cxd4 4 Nxd4 Nf6 5 f3.} 7. a4 Be6 8. Nc3 Be7 {[%emt 0:00:30] The position is equal.} 9. Bb5+ {[%emt 0:02:08] [#]} Nbd7 $146 ({Predecessor:} 9... Nc6 10. Nd5 O-O 11. Be3 Bxd5 12. exd5 Nb4 13. c4 Nh5 14. O-O Bg5 15. Bf2 b6 {1-0 (77) Drozdowski,K (2448)-Erdogdu,M (2407) Chess.com INT 2022}) 10. Be3 h5 (10... O-O $14) 11. Qd2 O-O 12. O-O Nc5 (12... Nb6 $14) 13. Nxc5 $16 dxc5 14. Qf2 Qc7 15. Nb1 Rad8 16. Na3 b6 17. Bc4 Bd7 18. b3 Bc6 19. Nb5 Qb7 (19... Bxb5 $14 20. Bxb5 Ne8) 20. Qg3 Nh7 21. Rad1 {aiming for Bh6.} Bxb5 22. axb5 Bf6 23. Qg6 h4 24. Qh5 {[%emt 0:00:06] White is much more active. The black rooks are badly placed.} Qe7 25. Bd5 Bg5 (25... Ng5 $16) 26. Bf2 (26. Bxg5 $1 $18 Nxg5 27. f4) 26... Qf6 (26... Rd6 $14) 27. Rd3 g6 28. Qg4 {[%emt 0:00:21] Strongly threatening g3.} Qf4 (28... Kg7 $14) 29. Qxf4 exf4 30. Rfd1 Kg7 31. c3 Bf6 32. b4 axb4 33. cxb4 cxb4 34. Bxb6 Rb8 35. Bc5 Rfc8 36. Bc6 $36 {[%emt 0:02:09][%mdl 2048] Keeping Black busy. This bishop pair is nice.} Rxb5 37. Bxb5 Rxc5 38. Ba4 Ng5 39. Bb3 Ra5 40. h3 Ra3 41. Kf1 Ne6 $2 (41... Bc3 $16 {is more resistant.} 42. Bc4 Kh6) 42. Bxe6 $18 fxe6 {[%emt 0:00:00] [#]} (42... Rxd3 $142 43. Rxd3 fxe6 44. Rd7+ Kg8) 43. Rxa3 $1 bxa3 {[%emt 0:00:01][%mdl 4096] Endgame KR-KB} 44. Rd7+ Kh6 {[%emt 0:01:17] ...a2 is the strong threat.} 45. Ra7 Bb2 46. Ke2 Kg5 47. Kd3 Kf6 48. Kc4 Ke5 49. Ra6 Bc1 50. Kc5 Bb2 51. Ra4 Bc1 52. Kc6 Bb2 53. Kd7 Kf6 54. Ra5 Bc1 (54... Kf7 $18 55. e5 Bc3 56. Rxa3 Bxe5) 55. Ra6 Ke5 56. Rxe6+ Kd4 57. Ra6 Bb2 58. Kd6 Ke3 59. e5 Kf2 60. e6 {White threatens e7 and mate.} Bf6 61. e7 Bxe7+ 62. Kxe7 Kxg2 63. Rxg6+ Kxh3 {[%emt 0:02:40] KR-K3P} 64. Kf6 a2 65. Rg1 {[%emt 0:00:01] Threatening mate with Ke5.} Kh2 66. Ra1 {[%emt 0:00:01] Ke5 would kill now.} Kg3 $2 {[%emt 0:00:15][%mdl 8192] [#]} (66... Kg2 $11) 67. Kg5 $1 h3 {[%emt 0:01:09] Weighted Error Value: White=0.15 (very precise) /Black=0.93} 1-0